General information
			
			
        
        - name: BNet
 
        - type: Ladder 1vs1/FFA
 
        - host: Battle.net
 
        - saver: TIMG4STRok
 
        
map: TurtleRock 
        - players: 2
 
        - length: 09:58
 
        - speed: Fast
 - version: 1.22 W3XP
 - replay type:  

 
» download(43 KB)
Players
        team 1 (loser) 
              
              
COLDtrain (
blue | 114 APM | 1137 actions | 09:57)
              
 2 Far Seer 
 1 Feral Spirit
 1 Chain Lighting
 1 Shadow Hunter 
 1 Hex
 
                » actions 
                
                | Assign group hotkey | 17 |  | 
| Basic commands | 23 |  | 
| Build / train | 34 |  | 
| ESC pressed | 1 |  | 
| Enter build submenu | 10 |  | 
| Enter hero's abilities submenu | 3 |  | 
| Right click | 646 |  | 
| Select / deselect | 241 |  | 
| Select group hotkey | 83 |  | 
| Use ability | 79 |  | 
                1137 total
 » units 
                
                | Peon | 7 |  | 
| Grunt | 6 |  | 
| Raider | 3 |  | 
| Spirit Walker | 1 |  | 
                17 total
 » upgrades
                
                | Berserker Strength | 1 |  | 
| Ensnare | 1 |  | 
                2 total
 » buildings
                
                | Altar of Storms | 1 |  | 
| Orc Burrow | 5 |  | 
| Barracks | 1 |  | 
| Voodoo Lounge | 1 |  | 
| Stronghold | 1 |  | 
| Beastiary | 1 |  | 
| Spirit Lodge | 1 |  | 
                11 total
 » build order
                00:05 Altar of Storms
00:14 Orc Burrow
00:35 Barracks
01:24 Orc Burrow
02:00 Voodoo Lounge
03:04 Stronghold
03:54 Orc Burrow
05:05 Orc Burrow
05:30 Beastiary
05:51 Spirit Lodge
08:56 Orc Burrow
» items
                
                | Potion of Healing | 2 |  | 
| Healing Salve | 1 |  | 
| Lesser Clarity Potion | 3 |  | 
                6 total
  
               team 2 (winner) 
              
              
» 
TIMG4STRok (
pink | 175 APM | 1747 actions | 09:58)
              
 3 Blademaster 
 2 Wind Walk
 1 Critical Strike
 2 Shadow Hunter 
 1 Hex
 1 Healing Wave
 
                » actions 
                
                | Assign group hotkey | 21 |  | 
| Basic commands | 18 |  | 
| Build / train | 37 |  | 
| ESC pressed | 1 |  | 
| Enter build submenu | 11 |  | 
| Enter hero's abilities submenu | 5 |  | 
| Give item / drop item | 2 |  | 
| Right click | 827 |  | 
| Select / deselect | 128 |  | 
| Select group hotkey | 654 |  | 
| Use ability | 43 |  | 
                1747 total
 » units 
                
                | Peon | 7 |  | 
| Grunt | 6 |  | 
| Raider | 4 |  | 
| Spirit Walker | 1 |  | 
                18 total
 » upgrades
                
                | Pillage | 2 |  | 
| Ensnare | 1 |  | 
| Spirit Walker Training | 1 |  | 
| Berserker Strength | 1 |  | 
                5 total
 » buildings
                
                | Altar of Storms | 1 |  | 
| Orc Burrow | 5 |  | 
| Barracks | 1 |  | 
| Stronghold | 2 |  | 
| Voodoo Lounge | 1 |  | 
| Beastiary | 1 |  | 
| Spirit Lodge | 1 |  | 
                12 total
 » build order
                00:03 Altar of Storms
00:13 Orc Burrow
00:47 Barracks
01:35 Orc Burrow
02:36 Stronghold
02:36 Stronghold
03:17 Voodoo Lounge
04:01 Orc Burrow
05:44 Beastiary
05:46 Spirit Lodge
05:50 Orc Burrow
08:46 Orc Burrow
» items
                
                | Healing Salve | 2 |  | 
| Lesser Clarity Potion | 2 |  | 
                4 total
  
                Chat log
          
(09:56 / All) COLDtrain: fuck u